TOP OF THE 1ST |
South Carolina Gamecocks batting - Pitching for Indiana Hoosiers : LHP Benny Christopher
|
Pitching: LHP Benny Christopher
|
|
Batting: RHB Luis Mercado
|
0-0: Ball 1-0: Fly out, F8 (Flyball, 8RS)
|
Batting: RHB Edward Green
|
0-0: Ball 1-0: Ball 2-0: Ball 3-0: Called Strike 3-1: Fly out, F5 (Popup, 5S)
|
Batting: LHB Chandler Pitts
|
0-0: Ball 1-0: Ball 2-0: Ball 3-0: Base on Balls
|
Batting: RHB Rob DeWitt
|
0-0: SINGLE (Groundball, 6M) (infield hit) Chandler Pitts to second
|
Batting: SHB Darrel Wise
|
0-0: Foul Ball, location: 2F 0-1: Fly out, F4 (Line Drive, 4)
|
Top of the 1st over - 0 run(s), 1 hit(s), 0 error(s), 2 left on base; South Carolina 0 - Indiana 0 |
BOTTOM OF THE 1ST |
Indiana Hoosiers batting - Pitching for South Carolina Gamecocks : RHP Miguel Martínez
|
Pitching: RHP Miguel Martínez
|
|
Batting: LHB Michael Hanson
|
0-0: SINGLE (Line Drive, 34D)
|
Batting: RHB Palmer Frazier
|
0-0: Ball 1-0: Called Strike 1-1: Foul Ball, location: 2F 1-2: Foul Ball, location: 2F 1-2: Strikes out swinging
|
Batting: RHB Dani Morales
|
0-0: Called Strike Michael Hanson is caught stealing 2nd base 0-1: Foul Ball, location: 2F 0-2: SINGLE (Flyball, 89S)
|
Batting: RHB Phil Martin
|
0-0: Called Strike 0-1: Called Strike 0-2: Ball 1-2: Foul Ball, location: 2F 1-2: Foul Ball, location: 2F 1-2: Ball 2-2: Foul Ball, location: 2F 2-2: Reached on error, E4 (Line Drive, 4) Dani Morales to second
|
Batting: LHB Brandon Shields
|
0-0: Fly out, F4 (Popup, 4D)
|
Bottom of the 1st over - 0 run(s), 2 hit(s), 1 error(s), 2 left on base; South Carolina 0 - Indiana 0 |
TOP OF THE 2ND |
South Carolina Gamecocks batting - Pitching for Indiana Hoosiers : LHP Benny Christopher
|
Batting: LHB Gilberto Ortíz
|
0-0: Ball 1-0: Fly out, F8 (Line Drive, 8LM)
|
Batting: RHB Ryan Campbell
|
0-0: Ball 1-0: Ball 2-0: Ball 3-0: Called Strike 3-1: SINGLE (Groundball, 3D)
|
Batting: RHB José Maldonado
|
0-0: Ball 1-0: Ball 2-0: Ball 3-0: Called Strike 3-1: Called Strike 3-2: Strikes out looking
|
Batting: RHB Earl Davis
|
0-0: Ball 1-0: Called Strike 1-1: Ball 2-1: Ball 3-1: Fly out, F2 (Popup, 23)
|
Top of the 2nd over - 0 run(s), 1 hit(s), 0 error(s), 1 left on base; South Carolina 0 - Indiana 0 |
BOTTOM OF THE 2ND |
Indiana Hoosiers batting - Pitching for South Carolina Gamecocks : RHP Miguel Martínez
|
Batting: RHB Patrick McNight
|
0-0: Ball 1-0: Fly out, F8 (Flyball, 8RXD)
|
Batting: RHB Justin López
|
0-0: Called Strike 0-1: Ball 1-1: Ball 2-1: Foul Ball, location: 2F 2-2: Ball 3-2: Base on Balls
|
Batting: RHB Roberto Arce
|
0-0: Ball 1-0: Called Strike 1-1: SINGLE (Groundball, 34D) Justin López to second Runner from 2nd tries for 3rd, SAFE, no throw
|
Batting: RHB Curt David
|
0-0: Ball 1-0: Called Strike 1-1: Foul Ball, location: 2F 1-2: Ball 2-2: Strikes out looking
|
Batting: LHB Michael Hanson
|
0-0: Called Strike 0-1: Called Strike 0-2: Ground out 1-3 (Groundball, 13)
|
Bottom of the 2nd over - 0 run(s), 1 hit(s), 0 error(s), 2 left on base; South Carolina 0 - Indiana 0 |
TOP OF THE 3RD |
South Carolina Gamecocks batting - Pitching for Indiana Hoosiers : LHP Benny Christopher
|
Batting: RHB Luis Mercado
|
0-0: Called Strike 0-1: Called Strike 0-2: Ball 1-2: Ball 2-2: Ground out 6-3 (Groundball, 6)
|
Batting: RHB Edward Green
|
0-0: Ball 1-0: Ball 2-0: Called Strike 2-1: Ball 3-1: Base on Balls
|
Batting: LHB Chandler Pitts
|
0-0: Foul Ball, location: 2F 0-1: Ball 1-1: Foul Ball, location: 2F 1-2: Foul Ball, location: 2F 1-2: Ball 2-2: Fly out, F8 (Flyball, 8LD)
|
Batting: RHB Rob DeWitt
|
0-0: SINGLE (Groundball, 4D) Edward Green to second Runner from 2nd tries for 3rd, SAFE, no throw
|
Batting: SHB Darrel Wise
|
0-0: Foul Ball, location: 2F 0-1: Ball 1-1: Foul Ball, location: 2F 1-2: Ball 2-2: Ball 3-2: Foul Ball, location: 2F 3-2: Foul Ball, location: 2F 3-2: SINGLE (Line Drive, 6D) Edward Green scores Rob DeWitt to second Rob DeWitt to third
|
Batting: LHB Gilberto Ortíz
|
0-0: Foul Ball, location: 2F 0-1: Ball 1-1: Ball 2-1: Called Strike 2-2: Foul Ball, location: 2F 2-2: Ground out 6-3 (Groundball, 6D)
|
Top of the 3rd over - 1 run(s), 2 hit(s), 0 error(s), 2 left on base; South Carolina 1 - Indiana 0 |
BOTTOM OF THE 3RD |
Indiana Hoosiers batting - Pitching for South Carolina Gamecocks : RHP Miguel Martínez
|
Batting: RHB Palmer Frazier
|
0-0: Ball 1-0: Ball 2-0: Foul Ball, location: 2F 2-1: Ball 3-1: Called Strike 3-2: SINGLE (Groundball, 5) (infield hit)
|
Batting: RHB Dani Morales
|
0-0: Called Strike 0-1: Ball 1-1: Hit by Pitch Palmer Frazier to second
|
Batting: RHB Phil Martin
|
0-0: Called Strike 0-1: Ball 1-1: Foul Ball, location: 2F 1-2: Strikes out swinging
|
Batting: LHB Brandon Shields
|
0-0: Ball 1-0: Ball 2-0: Foul Ball, location: 2F 2-1: Fly out, F8 (Flyball, 8LS)
|
Batting: RHB Patrick McNight
|
0-0: Called Strike 0-1: Ball 1-1: Swinging Strike 1-2: Foul Ball, location: 2F 1-2: Strikes out looking
|
Bottom of the 3rd over - 0 run(s), 1 hit(s), 0 error(s), 2 left on base; South Carolina 1 - Indiana 0 |
TOP OF THE 4TH |
South Carolina Gamecocks batting - Pitching for Indiana Hoosiers : LHP Benny Christopher
|
Batting: RHB Ryan Campbell
|
0-0: Ball 1-0: Ground out 6-3 (Groundball, 6)
|
Batting: RHB José Maldonado
|
0-0: Swinging Strike 0-1: Swinging Strike 0-2: Ball 1-2: Ball 2-2: Ball 3-2: Foul Ball, location: 2F 3-2: Foul Ball, location: 2F 3-2: Strikes out swinging
|
Batting: RHB Earl Davis
|
0-0: Swinging Strike 0-1: Ball 1-1: Foul Ball, location: 2F 1-2: Strikes out looking
|
Top of the 4th over - 0 run(s), 0 hit(s), 0 error(s), 0 left on base; South Carolina 1 - Indiana 0 |
BOTTOM OF THE 4TH |
Indiana Hoosiers batting - Pitching for South Carolina Gamecocks : RHP Miguel Martínez
|
Batting: RHB Justin López
|
0-0: Called Strike 0-1: Ball 1-1: Ball 2-1: Foul Ball, location: 2F 2-2: Foul Ball, location: 2F 2-2: Ball 3-2: Foul Ball, location: 2F 3-2: Strikes out swinging
|
Batting: RHB Roberto Arce
|
0-0: Ball 1-0: Foul Ball, location: 2F 1-1: SINGLE (Groundball, 56D)
|
Batting: RHB Curt David
|
0-0: Ball 1-0: Swinging Strike 1-1: Ball 2-1: Swinging Strike 2-2: Foul Ball, location: 2F 2-2: Foul Ball, location: 2F 2-2: Foul Ball, location: 2F 2-2: Strikes out swinging
|
Batting: LHB Michael Hanson
|
0-0: Ball 1-0: Ball 2-0: Called Strike 2-1: Ball 3-1: Called Strike 3-2: Base on Balls Roberto Arce to second
|
Pitching: RHP Keith Thomas
|
|
Batting: RHB Palmer Frazier
|
0-0: Called Strike 0-1: Ball 1-1: SINGLE (Flyball, 9LS) Roberto Arce to third Michael Hanson to second Runner from 3rd tries for Home, SAFE, no throw
|
Batting: RHB Dani Morales
|
0-0: Swinging Strike 0-1: Ball 1-1: Ball 2-1: DOUBLE (Flyball, 78D) Michael Hanson scores Palmer Frazier to third
|
Batting: RHB Phil Martin
|
0-0: Fly out, F9 (Flyball, 89M)
|
Bottom of the 4th over - 2 run(s), 3 hit(s), 0 error(s), 2 left on base; South Carolina 1 - Indiana 2 |
TOP OF THE 5TH |
South Carolina Gamecocks batting - Pitching for Indiana Hoosiers : LHP Benny Christopher
|
Batting: RHB Luis Mercado
|
0-0: Ball 1-0: Called Strike 1-1: Ball 2-1: Ball 3-1: Foul Ball, location: 2F 3-2: Foul Ball, location: 2F 3-2: Foul Ball, location: 2F 3-2: Base on Balls
|
Pitching: RHP Dave Williams
|
|
Batting: RHB Edward Green
|
0-0: Ball Luis Mercado is caught stealing 2nd base 1-0: Ball 2-0: Ball 3-0: Called Strike 3-1: Base on Balls
|
Batting: LHB Chandler Pitts
|
0-0: Called Strike 0-1: Swinging Strike 0-2: Ball 1-2: SINGLE (Groundball, 56D) Edward Green to second
|
Batting: RHB Rob DeWitt
|
0-0: Called Strike 0-1: Ball 1-1: Foul Ball, location: 2F 1-2: Foul Ball, location: 2F 1-2: Grounds into double play, 4-6-3 (Groundball, 4)
|
Top of the 5th over - 0 run(s), 1 hit(s), 0 error(s), 1 left on base; South Carolina 1 - Indiana 2 |
BOTTOM OF THE 5TH |
Indiana Hoosiers batting - Pitching for South Carolina Gamecocks : RHP Keith Thomas
|
Batting: LHB Brandon Shields
|
0-0: Ball 1-0: Ground out 6-3 (Groundball, 6M)
|
Batting: RHB Patrick McNight
|
0-0: Ball 1-0: Foul Ball, location: 2F 1-1: Called Strike 1-2: Foul Ball, location: 2F 1-2: Ball 2-2: Strikes out looking
|
Batting: RHB Justin López
|
0-0: Ball 1-0: Reached on error, E5 (Groundball, 5L)
|
Batting: RHB Roberto Arce
|
0-0: Fly out, F8 (Flyball, 8LS)
|
Bottom of the 5th over - 0 run(s), 0 hit(s), 1 error(s), 1 left on base; South Carolina 1 - Indiana 2 |
TOP OF THE 6TH |
South Carolina Gamecocks batting - Pitching for Indiana Hoosiers : RHP Dave Williams
|
Batting: SHB Darrel Wise
|
0-0: Ball 1-0: Foul Ball, location: 2F 1-1: Called Strike 1-2: Foul Ball, location: 2F 1-2: Fly out, F8 (Flyball, 89XD)
|
Batting: LHB Gilberto Ortíz
|
0-0: Called Strike 0-1: Ball 1-1: Called Strike 1-2: Strikes out swinging
|
Batting: RHB Ryan Campbell
|
0-0: Foul Ball, location: 2F 0-1: Ball 1-1: Called Strike 1-2: Ball 2-2: Strikes out swinging
|
Top of the 6th over - 0 run(s), 0 hit(s), 0 error(s), 0 left on base; South Carolina 1 - Indiana 2 |
BOTTOM OF THE 6TH |
Indiana Hoosiers batting - Pitching for South Carolina Gamecocks : RHP Keith Thomas
|
Batting: RHB Curt David
|
0-0: Ball 1-0: Swinging Strike 1-1: Fly out, F8 (Flyball, 8LM)
|
Batting: LHB Michael Hanson
|
0-0: Ball 1-0: Fly out, F8 (Flyball, 8RM)
|
Batting: RHB Palmer Frazier
|
0-0: Ball 1-0: Foul Ball, location: 2F 1-1: Ball 2-1: Ball 3-1: Foul Ball, location: 2F 3-2: Base on Balls
|
Batting: RHB Dani Morales
|
0-0: Foul Ball, location: 2F 0-1: Ball 1-1: Swinging Strike 1-2: Ball 2-2: Ball 3-2: SINGLE (Groundball, 25) (infield hit) Palmer Frazier to second
|
Batting: RHB Phil Martin
|
0-0: Called Strike 0-1: Foul Ball, location: 2F 0-2: Foul Ball, location: 2F 0-2: Ball 1-2: Fly out, F7 (Flyball, 7)
|
Bottom of the 6th over - 0 run(s), 1 hit(s), 0 error(s), 2 left on base; South Carolina 1 - Indiana 2 |
TOP OF THE 7TH |
South Carolina Gamecocks batting - Pitching for Indiana Hoosiers : RHP Dave Williams
|
Pitching: RHP Oliver Kline
|
|
Batting: RHB José Maldonado
|
0-0: Ball 1-0: Ball 2-0: Ball 3-0: Base on Balls
|
Batting: RHB Earl Davis
|
0-0: Bunt missed! 0-1: Ball 1-1: Sac Bunt - play at first, batter OUT! 2-4 José Maldonado to second
|
Batting: RHB Luis Mercado
|
0-0: Called Strike 0-1: Foul Ball, location: 2F 0-2: Ball 1-2: Foul Ball, location: 2F 1-2: SINGLE (Line Drive, 7S) José Maldonado to third Runner from 3rd tries for Home, SAFE, throw made home
|
Pitching: RHP Jeff Harmon
|
|
Batting: RHB Edward Green
|
0-0: Called Strike 0-1: Ball 1-1: Foul Ball, location: 2F 1-2: Strikes out swinging
|
Batting: LHB Chandler Pitts
|
0-0: Ball 1-0: Foul Ball, location: 2F 1-1: Swinging Strike 1-2: Strikes out swinging
|
Top of the 7th over - 1 run(s), 1 hit(s), 0 error(s), 1 left on base; South Carolina 2 - Indiana 2 |
BOTTOM OF THE 7TH |
Indiana Hoosiers batting - Pitching for South Carolina Gamecocks : RHP Keith Thomas
|
Batting: LHB Brandon Shields
|
0-0: Called Strike 0-1: Ball 1-1: Foul Ball, location: 2F 1-2: Strikes out swinging
|
Batting: RHB Patrick McNight
|
0-0: Fly out, F9 (Flyball, 9S)
|
Batting: RHB Justin López
|
0-0: Called Strike 0-1: Ball 1-1: Called Strike 1-2: Ball 2-2: Foul Ball, location: 2F 2-2: Fly out, F4 (Popup, 34D)
|
Bottom of the 7th over - 0 run(s), 0 hit(s), 0 error(s), 0 left on base; South Carolina 2 - Indiana 2 |
TOP OF THE 8TH |
South Carolina Gamecocks batting - Pitching for Indiana Hoosiers : RHP Jeff Harmon
|
Batting: RHB Rob DeWitt
|
0-0: Ball 1-0: Ball 2-0: SINGLE (Flyball, 8RS)
|
Batting: SHB Darrel Wise
|
0-0: Called Strike 0-1: Ball 1-1: Ball 2-1: Foul Ball, location: 2F 2-2: Strikes out looking
|
Pinch Hitting: SHB Ron Sims
|
0-0: Called Strike Throwing error on steal attempt, E2 Rob DeWitt to third 0-1: Ball 1-1: Intentional Walk
|
Batting: RHB Ryan Campbell
|
0-0: Ball 1-0: Hit by Pitch Ron Sims to second
|
Batting: RHB José Maldonado
|
0-0: Called Strike 0-1: Called Strike 0-2: Ball 1-2: Foul Ball, location: 2F 1-2: Ball 2-2: Ball 3-2: Base on Balls Rob DeWitt scores Ron Sims to third Ryan Campbell to second
|
Batting: RHB Earl Davis
|
0-0: Ball 1-0: Called Strike 1-1: Ball 2-1: Ball 3-1: Base on Balls Ron Sims scores Ryan Campbell to third José Maldonado to second
|
Pitching: LHP Bob Johnston
|
|
Batting: RHB Luis Mercado
|
0-0: Ball 1-0: Called Strike 1-1: Ball 2-1: Swinging Strike 2-2: Foul Ball, location: 2F 2-2: Strikes out swinging
|
Batting: RHB Edward Green
|
0-0: Fly out, F7 (Flyball, 78M)
|
Top of the 8th over - 2 run(s), 1 hit(s), 1 error(s), 3 left on base; South Carolina 4 - Indiana 2 |
BOTTOM OF THE 8TH |
Indiana Hoosiers batting - Pitching for South Carolina Gamecocks : RHP Keith Thomas
|
Now in LF: Ron Sims
|
|
Batting: RHB Roberto Arce
|
0-0: Ball 1-0: Ball 2-0: Foul Ball, location: 2F 2-1: Swinging Strike 2-2: Ball 3-2: Foul Ball, location: 2F 3-2: Strikes out swinging
|
Pitching: RHP Valentín Flores
|
|
Batting: RHB Curt David
|
0-0: Called Strike 0-1: Foul Ball, location: 2F 0-2: Strikes out swinging
|
Batting: LHB Michael Hanson
|
0-0: Called Strike 0-1: Ball 1-1: Ball 2-1: Fly out, F9 (Line Drive, 9)
|
Bottom of the 8th over - 0 run(s), 0 hit(s), 0 error(s), 0 left on base; South Carolina 4 - Indiana 2 |
TOP OF THE 9TH |
South Carolina Gamecocks batting - Pitching for Indiana Hoosiers : LHP Bob Johnston
|
Pitching: RHP Salvador Reyes
|
|
Batting: LHB Chandler Pitts
|
0-0: Called Strike 0-1: Swinging Strike 0-2: Ball 1-2: Ball 2-2: Ball 3-2: Foul Ball, location: 2F 3-2: Base on Balls
|
Batting: RHB Rob DeWitt
|
0-0: Ball 1-0: Called Strike 1-1: SINGLE (Groundball, 56S) (infield hit) Chandler Pitts to second
|
Batting: SHB Darrel Wise
|
0-0: Ball 1-0: Swinging Strike 1-1: Foul Ball, location: 2F 1-2: Foul Ball, location: 2F 1-2: Ball 2-2: Grounds into double play, 4-6-3 (Groundball, 4) Chandler Pitts to third
|
Batting: SHB Ron Sims
|
0-0: Called Strike 0-1: Foul Ball, location: 2F 0-2: Ball 1-2: Ground out 6-3 (Groundball, 56)
|
Top of the 9th over - 0 run(s), 1 hit(s), 0 error(s), 1 left on base; South Carolina 4 - Indiana 2 |
BOTTOM OF THE 9TH |
Indiana Hoosiers batting - Pitching for South Carolina Gamecocks : RHP Valentín Flores
|
Pitching: LHP Ben Cline
|
|
Batting: RHB Palmer Frazier
|
0-0: Ball 1-0: Ground out 1-3 (Groundball, 13)
|
Batting: RHB Dani Morales
|
0-0: Ball 1-0: Ground out 1-3 (Groundball, 13S)
|
Batting: RHB Phil Martin
|
0-0: Ball 1-0: Foul Ball, location: 2F 1-1: Ground out 4-3 (Groundball, 4M)
|
Bottom of the 9th over - 0 run(s), 0 hit(s), 0 error(s), 0 left on base; South Carolina 4 - Indiana 2 |
|